 Dungeon Crawl Stone Soup version 0.30-a0-21-g5d08c37080 (webtiles) character file.

Game seed: 14463958032532878147

25 Plasmagod the Slasher (level 3, -3/19 HPs)
             Began as a Vine Stalker Fighter on Aug 24, 2022.
             Killed from afar by Sigmund (5 damage)
             ... with a magic dart
             ... on level 2 of the Dungeon.
             The game lasted 00:02:05 (1237 turns).

Plasmagod the Slasher (Vine Stalker Fighter)        Turns: 1237, Time: 00:02:06

Health: -3/19      AC:  6    Str: 18    XL:     3   Next: 4%
Magic:  0/4        EV:  9    Int:  8    God:
Gold:   177        SH:  5    Dex: 15    Spells: 2/2 levels left

rFire   . . .      SeeInvis .    a - +0 long sword
rCold   . . .      Faith    .    c - +0 buckler
rNeg    . . .      Spirit   +    b - +0 scale mail
rPois   .          Reflect  .    (no helmet)
rElec   .          Harm     .    (no cloak)
rCorr   .          Rampage  .    (no gloves)
Will    +....                    (no boots)
Stlth   ..........               (no amulet)
HPRegen 0.06/turn                g - ring of willpower
MPRegen 0.09/turn                (no ring)

@: no status effects
A: fangs 2, magic shield, antimagic bite, no potion heal 2
a: no special abilities


You were on level 2 of the Dungeon.
You visited 1 branch of the dungeon, and saw 2 of its levels.

You collected 177 gold pieces.

Inventory:

Hand Weapons
 a - a +0 long sword (weapon)
Armour
 b - a +0 scale mail (worn)
 c - a +0 buckler (worn)
Jewellery
 g - a ring of willpower (left hand)
Scrolls
 e - a scroll of butterflies {unknown}
 f - a scroll of enchant weapon {unknown}
 i - 2 scrolls of blinking {unknown}
 k - a scroll of identify {unknown}
Potions
 d - a potion of might
 h - a potion of brilliance {unknown}
 j - a potion of flight {unknown}


   Skills:
 - Level 2.6 Fighting
 + Level 3.1 Long Blades
 - Level 2.4 Armour
 - Level 2.6 Shields


You had 2 spell levels left.
You didn't know any spells.
Your spell library contained the following spells:

 Spells                   Type           Power      Damage    Failure   Level
 Stone Arrow              Conj/Erth      0%         3d7       99%         3
 Animate Armour           Summ/Erth      0%         N/A       100%        4
 Lehudib's Crystal Spear  Conj/Erth      0%         10d2      100%        8


Dungeon Overview and Level Annotations

Branches:
Dungeon (2/15)

Altars:
Elyvilon

Shops:
D:1 (

Annotations:
D:2 Sigmund


Innate Abilities, Weirdness & Mutations

You have extremely sharp teeth.
When hurt, damage is shared between your health and your magic reserves.
Your bite disrupts and absorbs the magic of your enemies.
Potions cannot restore your health.


Message History

You see here a frilled lizard corpse.
You now have 158 gold pieces (gained 10).
Found a stone staircase leading up.
Sigmund is nearby!
You see here 8 gold pieces.
You now have 166 gold pieces (gained 8).
Sigmund shouts!
You now have 177 gold pieces (gained 11).
Found a stone staircase leading down.
Sigmund is nearby!
Sigmund casts a spell at you.
The puff of flame hits you but does no damage.
There is a stone staircase leading down here.
Sigmund gestures at you while chanting. The magic dart hits you.
Sigmund mumbles some strange words.
Sigmund flickers and vanishes!
Deactivating autopickup; reactivate with Ctrl-A.
Sigmund gestures at you while chanting. You resist with almost no effort.
Sigmund casts a spell at you. You resist with almost no effort.
Sigmund points at you and mumbles some strange words.
The magic dart hits you.
There is a white marble altar of Elyvilon here.
Sigmund gestures wildly while chanting.
Sigmund flickers and vanishes!
A magic dart appears from out of thin air!
The magic dart hits you!
Found a robe.
A magic dart appears from out of thin air!
The magic dart hits you!
* * * LOW HITPOINT WARNING * * *
You see here a +0 robe.
A magic dart appears from out of thin air!
The magic dart hits you.
* * * LOW HITPOINT WARNING * * *
A magic dart appears from out of thin air!
The magic dart hits you.
You die...

. ######...# #.#. #.@....#
#.#. #.####.###### ####.#.
#.# #......# #......##.#
#.####.##
#......#..####.####..######
#......#[##..............<.
#......#{##>.......###..##.
.#........##.......## ##.##.
..###..#.###.......####.....


There were no monsters in sight!

Vanquished Creatures
  A worm (D:2)
  An endoplasm (D:1)
  A giant cockroach (D:1)
  2 goblins
  3 hobgoblins (D:1)
  3 jackals (D:1)
  2 kobolds (D:1)
  A ball python (D:2)
  2 bats
  2 frilled lizards (D:2)
  2 rats
20 creatures vanquished.

Notes
Turn   | Place    | Note
-------+----------+-------------------------------------------
     0 | D:1      | Plasmagod the Vine Stalker Fighter began the quest for the
                  | Orb.
     0 | D:1      | Reached XP level 1. HP: 11/11 MP: 2/2
    16 | D:1      | Reached skill level 2 in Long Blades
    82 | D:1      | Found Veatur's Antique Weapon Shop.
   178 | D:1      | Reached XP level 2. HP: 16/16 MP: 3/3
   489 | D:1      | Found a faded altar of an unknown god.
   801 | D:2      | Found a white marble altar of Elyvilon.
   863 | D:2      | Reached skill level 3 in Long Blades
   863 | D:2      | Reached XP level 3. HP: 12/19 MP: 2/4
   978 | D:2      | Noticed Sigmund
  1237 | D:2      | Killed from afar by Sigmund

Illustrated notes

Levels and vault maps discovered:
D:1:      tarquinn_simple_flora_water_c, layout_basic, serial_shops,
          shop_statue, ebering_ecumenical_altar_box,
          nicolae_concentric_dashed_squares_mild
D:2:      layout_rooms, basic_altar, uniq_sigmund

Skill      XL: |  1  2 |
---------------+-------+-----
Long Blades    | 2 3 |  3.1
Fighting       | |  2.6
Armour         | |  2.4
Shields        | |  2.6

Action                   || total
-------------------------++-------
Melee: Long sword        ||    51
       Bite              ||    10
Armor: Scale mail        ||    19
Dodge: Dodged            ||    28
Block: Buckler           ||    13

Table legend: (Time is in decaauts)
 A = Elapsed time spent in this place.
 B = Non-inter-level travel time spent in this place.
 C = Inter-level travel time spent in this place.
 D = Time resting spent in this place.
 E = Time spent auto-exploring this place.
 F = Levels seen in this place.
 G = Mean time per level.
                   A        B        C        D        E       F      G
               +--------+--------+--------+--------+--------+-----+--------+
         Total |   1253 |   1208 |     45 |      0 |    913 |   2 |  626.5 |
       Dungeon |   1253 |   1208 |     45 |      0 |    913 |   2 |  626.5 |
               +--------+--------+--------+--------+--------+-----+--------+

Top non-repeatable levels by time:
     D:1: 739 daAuts
     D:2: 513 daAuts
